cohdb
Replays
Latest Replays
All Replays
Popular Replays
Top Player Replays
Match Explorer
How It Works
Community
CoH3 Stats
Reddit
Sign in to upload your games and track your stats! →
Sign in with Steam
Match 43099172
Unlisted
Match 43099172
Overview
Messages
Build Orders
End
Construct Infanterie Kompanie
Kettenkrad Recon Vehicle
Selects Mechanized Battlegroup
MG 42 Machine Gun Team
Grenadier Squad
Medical Station
Construct Panzergrenadier Kompanie
Grenadier Squad
MG 42 Bunker
Selects Spotting Scopes
251 Medium Carrier
Medical Bunker
Forward Retreat Point
Construct Luftwaffe Kompanie
Support Elements
Selects Wespe Self-propelled Artillery
Nebelwerfer 42 Rocket Launcher Team
Construct Panzer Kompanie
Selects Raid Package
Sturmpanzer IV Brummbär
Selects StuG Assault Group
Cross
Wall
Terran
simhap
Fonix555
Steven Seagal
gUi
lajttt
0
0
Comments
sign in to comment!
No comments posted yet!